 Dungeon Crawl Stone Soup version 0.28-a0-657-g71136c5590 (webtiles) character file.

Game seed: 12976592379460314500

1457 sleeves the Carver (level 8, -1/58 HPs)
             Began as a Demonspawn Fighter on Oct 14, 2021.
             Killed by nerve-wracking pain
             ... invoked by Menkaure
              (11 damage)
             ... on level 6 of the Dungeon.
             The game lasted 00:05:31 (6218 turns).

sleeves the Carver (Demonspawn Fighter)             Turns: 6218, Time: 00:05:32

Health: -1/58      AC:  8    Str: 18    XL:     8   Next: 47%
Magic:  8/8        EV:  9    Int: 11    God:
Gold:   224        SH:  4    Dex: 12    Spells: 7/7 levels left

rFire   . . .      SeeInvis .   C - +1 rapier (elec)
rCold   . . .      Faith    .   c - +0 buckler
rNeg    . . .      Spirit   .   b - +0 scale mail
rPois   .          Reflect  .   (helmet restricted)
rElec   .          Harm     .   (no cloak)
rCorr   .          Rampage  .   s - +0 pair of gloves
Will    .....                   y - +0 pair of boots
Stlth   ..........              g - amulet of magic regeneration
HPRegen 0.19/turn               p - ring of wizardry
MPRegen 0.36/turn               (no ring)

@: no status effects
A: horns 2, ignite blood 2, powered by death 1
a: no special abilities


You were on level 6 of the Dungeon.
You visited 1 branch of the dungeon, and saw 6 of its levels.

You collected 224 gold pieces.

Inventory:

Hand Weapons
 a - a +0 long sword
 o - a +2 dagger of venom
   (You took it off a kobold on level 3 of the Dungeon)
 C - a +1 rapier of electrocution (weapon)
   (You took it off Eustachio on level 5 of the Dungeon)
Armour
 b - a +0 scale mail (worn)
 c - a +0 buckler (worn)
 s - a +0 pair of gloves (worn)
   (You found it on level 4 of the Dungeon)
 w - a +0 helmet
   (You found it on level 4 of the Dungeon)
 y - a +0 pair of boots (worn)
   (You found it on level 4 of the Dungeon)
 B - a scarf of resistance
   (You found it on level 5 of the Dungeon)
Jewellery
 g - an amulet of magic regeneration (around neck)
   (You found it on level 1 of the Dungeon)
 p - a ring of wizardry (left hand)
   (You found it on level 4 of the Dungeon)
Wands
 D - a wand of flame (23)
   (You found it on level 5 of the Dungeon)
Scrolls
 e - a scroll of fear {unknown}
 f - 3 scrolls of identify {unknown}
 h - a scroll of summoning {unknown}
 i - 2 scrolls of enchant armour {unknown}
 m - 3 scrolls of teleportation {unknown}
 q - 2 scrolls of silence {unknown}
 t - 2 scrolls of enchant weapon {unknown}
 u - a scroll of noise {unknown}
 x - 2 scrolls of blinking {unknown}
 z - a scroll of immolation {unknown}
Potions
 d - a potion of might
 j - 2 potions of attraction {unknown}
 k - a potion of brilliance {unknown}
 l - a potion of cancellation {unknown}
 n - a potion of flight {unknown}
 r - 2 potions of curing {unknown}
 v - a potion of invisibility {unknown}
 A - 2 potions of degeneration {unknown}


   Skills:
 - Level 3.0 Fighting
 + Level 9.9 Long Blades
 - Level 2.6 Armour
 - Level 2.6 Shields


You had 7 spell levels left.
You didn't know any spells.
Your spell library contained the following spells:

 Spells                   Type           Power      Damage    Failure   Level
 Beastly Appendage        Tmut           0%         N/A       45%         1
 Wereblood                Tmut           0%         N/A       58%         2
 Spider Form              Tmut/Pois      0%         N/A       82%         3


Dungeon Overview and Level Annotations

Branches:
Dungeon (6/15)
 Temple: D:4-7

Altars:
Ashenzari
Elyvilon
Makhleb
Nemelex Xobeh
Qazlal
Ru
Sif Muna
Vehumet
Xom
Zin

Shops:
D:4 :

Annotations:
D:6 Menkaure, Pikel


Innate Abilities, Weirdness & Mutations

You have a pair of horns on your head.
Your demonic aura often causes spilled blood to erupt in flames.
You regenerate a little health from kills.


Message History

You hit the hound skeleton.
The hound skeleton is heavily damaged.
The hound skeleton barely misses you.
The hound skeleton bites you but does no damage.
You hit the hound skeleton.
The hound skeleton is severely damaged.
You completely miss the necrophage. You closely miss the necrophage.
The necrophage hits you.
You hit the necrophage but do no damage.
The necrophage misses you.
You barely miss the necrophage. The necrophage barely misses you.
You hit the necrophage but do no damage.
The necrophage hits you.
You feel drained.
You hit the necrophage.
The necrophage is lightly damaged.
The necrophage closely misses you.
There are monsters nearby!
Your +2 dagger of venom stops dripping with poison.
a - a +0 long sword (weapon)
You hit the necrophage.
The necrophage is moderately damaged.
The necrophage hits you.
You barely miss the necrophage.
The necrophage is moderately damaged.
The necrophage hits you.
You are too injured to fight recklessly!
You are too injured to fight recklessly!
You are too injured to fight recklessly!
You are too injured to fight recklessly!
You are too injured to fight recklessly!
You are too injured to fight recklessly!
You hit the necrophage but do no damage.
The necrophage is moderately damaged.
The necrophage hits you but does no damage.
You block the necrophage's attack.
You closely miss the necrophage.
The necrophage is moderately damaged.
The necrophage hits you but does no damage.
You hit the necrophage but do no damage.
The necrophage is moderately damaged.
The necrophage hits you.
You closely miss the necrophage.
The necrophage is moderately damaged.
The necrophage hits you.
* * * LOW HITPOINT WARNING * * *
You slash the necrophage!
The necrophage is severely damaged.
The necrophage closely misses you.
You hit the necrophage.
The necrophage is almost destroyed.
The necrophage hits you but does no damage.
You hit the necrophage.
The necrophage is almost destroyed.
The necrophage hits you but does no damage.
You block the necrophage's attack.
You closely miss the necrophage.
The necrophage is almost destroyed.
The necrophage hits you.
* * * LOW HITPOINT WARNING * * *
You hit the necrophage.
The necrophage is almost destroyed.
The necrophage barely misses you.
You slash the necrophage!
You destroy the necrophage!
Your life force feels restored.
Your Long Blades skill increases to level 6!
You have reached level 6!
Your experience leads to an increase in your attributes!
Increase (S)trength, (I)ntelligence, or (D)exterity?
You feel clever.
Your demonic ancestry asserts itself...
A wave of death washes over you.
You barely miss the hound skeleton.
The hound skeleton is severely damaged.
The hound skeleton bites you but does no damage.
You hit the hound skeleton.
The hound skeleton is almost destroyed.
The hound skeleton misses you.
The hound skeleton bites you but does no damage.
You completely miss the hound skeleton.
The hound skeleton is almost destroyed.
The hound skeleton bites you.
* * * LOW HITPOINT WARNING * * *
The hound skeleton closely misses you.
You hit the hound skeleton.
You destroy the hound skeleton!
You start resting.
HP restored.
You see here a +0 ring mail.
You open the door.
Found a stormy altar of Qazlal.
An orc comes into view. It is wielding a +0 short sword.
Found a lumpy silvery potion.
You block the orc's attack.
You barely miss the orc. The orc hits you with a +0 short sword.
You barely miss the orc. The orc hits you but does no damage.
You barely miss the orc. The orc hits you with a +0 short sword.
You slash the orc!
You kill the orc!
No target in view!
No target in view!
No target in view!
No target in view!
No target in view!
No target in view!
Your +2 dagger of venom begins to drip with poison!
o - a +2 dagger of venom (weapon)
You see here a +0 short sword.
v - a lumpy silvery potion
w - a +0 helmet
There is an open door here.
An adder comes into view.
The adder hisses angrily.
An adder comes into view.
There are monsters nearby!
The adder bites you but does no damage.
You closely miss the adder. You block the adder's attack.
You hit the adder.
The adder is lightly wounded.
The adder bites you but does no damage.
You hit the adder.
The adder is poisoned.
The adder is moderately wounded.
The adder bites you but does no damage. x2
You hit the adder.
The adder looks as sick as possible!
The adder is heavily wounded.
The adder bites you.
You closely miss the adder.
The adder is heavily wounded.
You block the adder's attack.
You closely miss the adder.
The adder is heavily wounded.
The adder bites you.
You hit the adder.
The adder looks as sick as possible!
The adder is almost dead.
You kill the adder!
The adder barely misses you. You block the adder's attack.
You see here an adder corpse.
You closely miss the adder. The adder bites you.
You hit the adder.
The adder is poisoned.
The adder is lightly wounded.
The adder closely misses you.
You barely miss the adder.
The adder is lightly wounded.
The adder completely misses you.
You hit the adder.
The adder is moderately wounded.
The adder bites you.
An adder is nearby!
An adder is nearby!
An adder is nearby!
You hit the adder but do no damage.
The adder is moderately wounded.
The adder bites you.
You hit the adder but do no damage.
The adder looks as sick as possible!
The adder is moderately wounded.
The adder closely misses you.
You closely miss the adder.
The adder is heavily wounded.
You block the adder's attack.
You hit the adder.
The adder is almost dead.
You kill the adder!
No target in view!
No target in view!
No target in view!
No target in view!
No target in view!
Found an escape hatch in the floor.
Found a scale mail.
Found a stone staircase leading down.
No target in view!
No target in view!
No target in view!
No target in view!
No target in view!
No target in view!
No target in view!
No target in view!
No target in view!
No target in view!
No target in view!
Found a stone staircase leading up.
x - 2 scrolls labelled YGRU DOKIUXOO
Okay, then.
y - a +0 pair of boots You start putting on your armour.
You continue putting on your +0 pair of gloves. x4
You finish putting on your +0 pair of gloves.
You start putting on your armour.
You continue putting on your +0 helmet. x4
You finish putting on your +0 helmet.
You start putting on your armour.
You continue putting on your +0 pair of boots. x4
You finish putting on your +0 pair of boots.
m - 3 scrolls labelled MUEV NILYTT (gained 1)
z - a scroll labelled ENABAI QUSTECOUG
A - a blue potion
Found a sacrificial altar of Ru.
There is a stone staircase leading up here.
You see here a +0 dagger.
There is an open door here.
There is a stone staircase leading down here.
You see here a +0 giant spiked club.
Done exploring.
No target in view!
Done exploring.
Done exploring.
Done exploring.
Done exploring.
(D) Dungeon
Where to? (Enter - D:4, ? - help)
You see here a +0 giant spiked club.
There is a stone staircase leading down here.
You climb downwards.
There is a stone staircase leading up here.
Found a ring mail.
There is a stone staircase leading up here. 2 gnolls come into view.
Found 25 stones.
The gnoll shouts! x2; You hear a shout!
A hound comes into view.
You hear a shout! x2
There are monsters nearby!
A gnoll shaman comes into view. It is wielding a +0 whip.
The hound barks!
There is a stone staircase leading up here.
The gnoll shaman calls upon its god to speed up the gnoll.
The gnoll seems to speed up.
The gnoll barely misses you. The hound bites you. The hound barely misses you.
The gnoll barely misses you. The gnoll hits you with a +0 flail!
You climb upwards.
There is a stone staircase leading down here.
You barely miss the hound. The hound barely misses you.
You barely miss the hound. The hound bites you but does no damage.
You closely miss the hound. The hound bites you. You block the hound's attack.
You closely miss the hound. The hound barely misses you.
You hit the hound but do no damage.
The hound is poisoned.
You block the hound's attack.
You closely miss the hound. The hound bites you. The hound closely misses you.
You hit the hound.
The hound is moderately wounded.
You block the hound's attack.
You hit the hound.
The hound is heavily wounded.
The hound bites you.
You completely miss the hound.
The hound is heavily wounded.
The hound bites you but does no damage.
You completely miss the hound.
The hound is heavily wounded.
The hound closely misses you.
The hound stops to sniff the ground.
The hound bites you.
You are too injured to fight recklessly!
You are too injured to fight recklessly!
You hit the hound.
The hound looks even sicker.
The hound is almost dead.
The hound closely misses you.
You kill the hound!
You start resting.
HP restored.
There is a stone staircase leading down here.
You climb downwards.
The gnoll hits you with a +0 flail.
A gnoll comes into view. It is wielding a +0 club.
There is a stone staircase leading up, spattered with blood here.
The gnoll shouts!
The gnoll shaman mumbles some strange prayers to its god against you.
You resist with some effort. The gnoll hits you with a +0 flail.
You climb upwards.
There is a stone staircase leading down here.
You hit the gnoll but do no damage.
The gnoll is poisoned.
The gnoll hits you but does no damage.
You hit the gnoll.
The gnoll looks as sick as possible!
The gnoll is heavily wounded.
The gnoll is engulfed in blazing flames.
You kill the gnoll!
No target in view!
No target in view!
No target in view!
HP restored.
Done exploring.
Done exploring.
Done exploring.
Done exploring.
Done exploring.
Done exploring.
(D) Dungeon
Where to? (Enter - D:4 @ (x,y), ? - help)
You climb downwards.
The gnoll shaman invokes the aid of its god against you.
You resist with some effort.
There is a stone staircase leading up, spattered with blood here.
You can't go down here!
You climb upwards.
There is a stone staircase leading down here.
You see here a hound corpse.
You see here a +0 giant spiked club.
There is a stone staircase leading down here.
You climb downwards.
There is a stone staircase leading up here.
You now have 116 gold pieces (gained 8).
B - a scarf of resistance You now have 132 gold pieces (gained 16).
Found a radiant altar of Vehumet.
You now have 141 gold pieces (gained 9).
Found a stone staircase leading up.
No target in view!
No target in view!
No target in view!
A hound and Eustachio come into view.
Eustachio is wielding a +1 rapier of electrocution.
Eustachio shouts!
The hound barks!
There are monsters nearby!
There are monsters nearby!
You completely miss the hound. The hound bites you but does no damage.
You closely miss the hound. The hound bites you but does no damage.
The hound barely misses you.
You hit Eustachio but do no damage.
Eustachio is poisoned.
The hound bites you but does no damage.
Eustachio hits you with a +1 rapier of electrocution.
You hit Eustachio.
Eustachio looks as sick as possible!
Eustachio is lightly wounded.
The hound closely misses you.
You hit Eustachio.
Eustachio is moderately wounded.
The hound closely misses you.
Eustachio is engulfed in blazing flames.
Eustachio gestures wildly while chanting.
The hound bites you but does no damage.
Eustachio is engulfed in blazing flames.
You kill Eustachio!
The crimson imp disappears in a puff of smoke! x2
Your Long Blades skill increases to level 7!
You have reached level 7!
Your demonic ancestry asserts itself...
A pair of horns grows on your head!
Your +0 helmet falls away!
You hit the hound.
The hound is poisoned.
The hound is moderately wounded.
The hound bites you.
You hit the hound.
The hound looks as sick as possible!
Your headbutt misses the hound.
The hound is almost dead.
The hound barely misses you.
You miss the hound.
The hound is almost dead.
The hound bites you but does no damage.
You closely miss the hound. You headbutt the hound.
You kill the hound!
Things that are here:
a +1 rapier of electrocution; a +0 leather armour; the human corpse of Eustachio HP restored.
Found a dagger.
q - 2 scrolls labelled TOCAIS MANLAL (gained 1)
t - 2 scrolls labelled NOAFRI ZEDAAFF (gained 1)
You see here a +0 dagger.
Found a stone staircase leading down.
Search for what [? for help]? rap You see here a +0 dagger.
Things that are here:
a +1 rapier of electrocution; a +0 leather armour; the human corpse of Eustachio
C - a +1 rapier of electrocution Your +2 dagger of venom stops dripping with poison.
You hear the crackle of electricity.
C - a +1 rapier of electrocution (weapon)
Found 24 poisoned darts.
An orc comes into view. It is wielding a +0 flail.
Found 15 bolts.
The orc shouts!
You hear a shout!
The orc moves out of view.
You hear a shout!
An orc wizard comes into view. It is wielding a +0 dagger.
An orc wizard is nearby!
An orc wizard is nearby!
The orc wizard shouts!
The orc wizard mumbles some strange words.
The orc wizard flickers and vanishes!
Deactivating autopickup; reactivate with Ctrl-A.
You hit the orc. Lightning courses through the orc!
You kill the orc!
An orc priest comes into view. It is wielding a +0 trident.
The orc priest shouts!
You hear some strange, mumbled words.
A puff of flame appears from out of thin air!
You block the puff of flame.
An orc comes into view. It is wielding a +0 club.
Things that are here:
a +0 flail; a +0 leather armour You closely miss something.
Your headbutt misses something. Something hits you but does no damage.
The orc priest hits you but does no damage.
You puncture something!
You hear some strange, mumbled words.
Something tries to affect you, but you resist.
The orc priest hits you from afar with a +0 trident.
You hit something. Your headbutt misses something.
Something hits you but does no damage.
The orc priest hits you from afar with a +0 trident.
You hit something.
Reactivating autopickup.
You feel a bit more experienced.
The orc priest hits you from afar with a +0 trident.
You closely miss the orc. You headbutt the orc.
The orc is almost dead.
The orc hits you but does no damage.
The orc priest hits you but does no damage.
You puncture the orc!
You kill the orc!
You block the orc priest's attack.
Found 12 gold pieces.
The orc priest hits you with a +0 trident.
Items here: )) [ †.
You hit the orc priest.
Lightning courses through the orc priest!
You headbutt the orc priest.
You kill the orc priest!
No target in view!
No target in view!
Search for what [Enter for "rap", or ? for help]?
Okay, then.
Okay, then.
Search for what [Enter for "rap", or ? for help]? book
Things that are here:
a +0 leather armour; a +0 flail HP restored.
There is a stone staircase leading up here.
You climb upwards.
There is a stone staircase leading down here.
There is an entrance to Uson's Book Boutique here.
Unknown command.
Unknown command.
Unknown command.
(D) Dungeon
Where to? (Enter - D:4 @ (x,y), ? - help)
There is a stone staircase leading down here.
You climb downwards.
There is a stone staircase leading up here.
(D) Dungeon
Where to? (Enter - D:5, ? - help)
Things that are here:
a +0 leather armour; the human corpse of Eustachio You see here a +0 dagger.
A gnoll comes into view. It is wielding a +1 halberd of venom.
Found a stone staircase leading down.
The gnoll shouts!
A gnoll comes into view. It is wielding a +0 flail.
There are monsters nearby!
There are monsters nearby!
The gnoll shouts!
A gnoll comes into view. It is wielding a +0 spear.
A gnoll and a skeleton come into view.
The gnoll shouts! x2
The gnoll barely misses you.
You closely miss the gnoll. You headbutt the gnoll.
The gnoll is heavily wounded.
The gnoll closely misses you. The gnoll barely misses you.
You hit the gnoll. You headbutt the gnoll.
You kill the gnoll!
The gnoll barely misses you. The gnoll hits you but does no damage.
You are poisoned.
The gnoll closely misses you. The gnoll hits you but does no damage.
You see here a +0 flail.
You barely miss the gnoll.
You feel sick. The gnoll closely misses you.
The gnoll hits you from afar with a +0 spear.
The gnoll hits you but does no damage.
You puncture the gnoll! You headbutt the gnoll.
The gnoll is almost dead.
You feel sick. The gnoll closely misses you. x2
The gnoll is engulfed in blazing flames.
You kill the gnoll!
You barely miss the gnoll.
You headbutt the gnoll, but do no damage.
You feel sick. The gnoll barely misses you.
The gnoll hits you from afar with a +0 spear.
The gnoll hits you with a +1 halberd of venom!
You are more poisoned.
You block the gnoll's attack.
You are too injured to fight recklessly!
You are too injured to fight recklessly!
You are too injured to fight recklessly!
You puncture the gnoll! Lightning courses through the gnoll!!
You kill the gnoll!
You feel very sick.
The bullfrog skeleton is engulfed in blazing flames.
The bullfrog skeleton hits you but does no damage.
The gnoll hits you from afar with a +0 spear.
* * * LOW HITPOINT WARNING * * *
You hit the bullfrog skeleton.
The bullfrog skeleton is heavily damaged.
You feel sick.
The bullfrog skeleton is engulfed in blazing flames.
You destroy the bullfrog skeleton!
The gnoll hits you but does no damage.
You feel sick. The gnoll barely misses you.
There is a stone staircase leading down, spattered with blood here.
Things that are here:
a +0 spear; a gnoll corpse You puncture the gnoll!
The gnoll is heavily wounded.
You feel sick. The gnoll hits you but does no damage.
You hit the gnoll. Lightning courses through the gnoll!
You kill the gnoll!
You feel sick.
You feel sick.
You now have 143 gold pieces (gained 2).
You see here a +0 spear.
You feel sick.
You start resting.
You feel sick. x2
You are no longer poisoned.
You start resting.
HP restored.
You now have 153 gold pieces (gained 10).
Key pressed, stopping explore.
D - a wand of flame (23)
A water moccasin skeleton comes into view.
A water moccasin skeleton is nearby!
A water moccasin skeleton is nearby!
You see here 14 gold pieces.
The water moccasin skeleton bites you but does no damage.
The water moccasin skeleton bites you.
You barely miss the water moccasin skeleton.
The water moccasin skeleton closely misses you.
You hit the water moccasin skeleton.
Your headbutt misses the water moccasin skeleton.
The water moccasin skeleton is lightly damaged.
The water moccasin skeleton bites you.
You hit the water moccasin skeleton.
The water moccasin skeleton is lightly damaged.
The water moccasin skeleton barely misses you.
You hit the water moccasin skeleton.
The water moccasin skeleton is lightly damaged.
The water moccasin skeleton completely misses you.
You hit the water moccasin skeleton.
Lightning courses through the water moccasin skeleton!
The water moccasin skeleton is heavily damaged.
The water moccasin skeleton bites you but does no damage.
You hit the water moccasin skeleton.
Lightning courses through the water moccasin skeleton!
The water moccasin skeleton is severely damaged.
You block the water moccasin skeleton's attack.
The water moccasin skeleton barely misses you.
You puncture the water moccasin skeleton!
The water moccasin skeleton is almost destroyed.
The water moccasin skeleton bites you but does no damage.
A water moccasin skeleton is nearby!
A water moccasin skeleton is nearby!
A water moccasin skeleton is nearby!
You barely miss the water moccasin skeleton.
The water moccasin skeleton is almost destroyed.
The water moccasin skeleton bites you.
You barely miss the water moccasin skeleton.
The water moccasin skeleton is almost destroyed.
The water moccasin skeleton bites you but does no damage.
You puncture the water moccasin skeleton!
You destroy the water moccasin skeleton!
No target in view!
No target in view!
No target in view!
You now have 167 gold pieces (gained 14).
You now have 174 gold pieces (gained 7).
Found 19 stones.
An iguana comes into view.
Found a stone staircase leading down.
The iguana hisses angrily.
An iguana is nearby!
You hit the iguana but do no damage. The iguana bites you!
You hit the iguana but do no damage. The iguana closely misses you.
You hit the iguana.
You headbutt the iguana, but do no damage.
The iguana is moderately wounded.
You block the iguana's attack.
You barely miss the iguana. You headbutt the iguana.
The iguana is moderately wounded.
You hit the iguana.
The iguana is heavily wounded.
The iguana is engulfed in blazing flames.
You kill the iguana!
Your Long Blades skill increases to level 8!
No target in view!
No target in view!
No target in view!
You see here an iguana corpse.
You see here 19 stones.
You see here 19 stones.
You now have 182 gold pieces (gained 8).
An orc comes into view. It is wielding a +0 short sword.
The orc shouts!
An orc is nearby!
An orc is nearby!
An orc is nearby!
You barely miss the orc. The orc hits you with a +0 short sword.
You hit the orc. You headbutt the orc.
You kill the orc!
No target in view!
A scorpion comes into view.
Things that are here:
a +0 short sword; an orc corpse A scorpion is nearby!
You block the scorpion's attack.
A scorpion is nearby!
You puncture the scorpion! Lightning courses through the scorpion!
You kill the scorpion!
No target in view!
No target in view!
No target in view!
No target in view!
No target in view!
No target in view!
No target in view!
No target in view!
No target in view!
You see here a scorpion corpse.
An iguana comes into view.
The iguana hisses angrily.
An iguana is nearby!
An iguana is nearby!
A phantom comes into view.
The iguana barely misses you.
You hit the iguana but do no damage. The iguana barely misses you.
You completely miss the iguana. Your headbutt misses the iguana.
The iguana bites you!
You hit the iguana but do no damage. The iguana bites you.
You hit the iguana. Your headbutt misses the iguana.
The iguana is lightly wounded.
You closely miss the iguana. Your headbutt misses the iguana.
The iguana is lightly wounded.
The iguana bites you! The iguana barely misses you.
You are too injured to fight recklessly!
You are too injured to fight recklessly!
You are too injured to fight recklessly!
You are too injured to fight recklessly!
There are monsters nearby!
There are monsters nearby!
You are too injured to fight recklessly!
You are too injured to fight recklessly!
You hit the iguana but do no damage. Lightning courses through the iguana!
You headbutt the iguana.
You kill the iguana!
You hit the phantom.
The phantom is lightly damaged.
The phantom hits you but does no damage.
You barely miss the phantom.
The phantom is lightly damaged.
The phantom hits you.
* * * LOW HITPOINT WARNING * * *
The phantom blinks!
You blink.
You closely miss the phantom.
The phantom is lightly damaged.
The phantom barely misses you.
You miss the phantom.
The phantom is lightly damaged.
The phantom hits you but does no damage.
You closely miss the phantom.
The phantom is lightly damaged.
The phantom barely misses you.
You barely miss the phantom.
The phantom is lightly damaged.
The phantom completely misses you.
You hit the phantom. Lightning courses through the phantom!
You headbutt the phantom.
The phantom is severely damaged.
The phantom hits you but does no damage.
You barely miss the phantom. Your headbutt misses the phantom.
The phantom is severely damaged.
You block the phantom's attack.
You barely miss the phantom.
The phantom is severely damaged.
The phantom closely misses you.
You closely miss the phantom.
The phantom is severely damaged.
The phantom hits you.
* * * LOW HITPOINT WARNING * * *
You puncture the phantom!
The phantom is almost destroyed.
The phantom closely misses you.
You closely miss the phantom.
The phantom is almost destroyed.
The phantom closely misses you.
You closely miss the phantom. Your headbutt misses the phantom.
The phantom is almost destroyed.
The phantom hits you.
* * * LOW HITPOINT WARNING * * *
You miss the phantom.
The phantom is almost destroyed.
The phantom hits you.
* * * LOW HITPOINT WARNING * * *
You closely miss the phantom.
The phantom is almost destroyed.
The phantom hits you.
* * * LOW HITPOINT WARNING * * *
You closely miss the phantom.
The phantom is almost destroyed.
The phantom hits you but does no damage.
You hit the phantom but do no damage.
The phantom is almost destroyed.
The phantom hits you.
* * * LOW HITPOINT WARNING * * *
You barely miss the phantom. You headbutt the phantom.
The phantom is almost destroyed.
The phantom hits you.
* * * LOW HITPOINT WARNING * * *
You hit the phantom.
You destroy the phantom!
Key pressed, stopping explore.
A - 2 blue potions (gained 1) Key pressed, stopping explore.
You now have 194 gold pieces (gained 12).
An orc comes into view. It is wielding a +0 whip.
The orc moves out of view.
You see here 24 poisoned darts.
The orc shouts!
An orc is nearby!
The orc throws a stone.
You block the stone.
You hit the orc.
The orc is severely wounded.
The orc hits you but does no damage.
You closely miss the orc. You headbutt the orc.
You kill the orc!
No target in view!
No target in view!
No target in view!
No target in view!
No target in view!
No target in view!
No target in view!
No target in view!
Items here: ( ) [ †.
A necrophage comes into view.
A necrophage is nearby!
The necrophage barely misses you.
You barely miss the necrophage.
The necrophage hits you but does no damage.
You hit the necrophage.
The necrophage is moderately damaged.
The necrophage hits you.
You feel drained.
You barely miss the necrophage. Your headbutt misses the necrophage.
The necrophage is moderately damaged.
The necrophage hits you.
You feel drained.
You hit the necrophage but do no damage.
Your headbutt misses the necrophage.
The necrophage is moderately damaged.
The necrophage hits you.
You feel drained.
You hit the necrophage but do no damage.
The necrophage is moderately damaged.
The necrophage hits you.
You feel drained.
You barely miss the necrophage.
The necrophage is moderately damaged.
The necrophage hits you but does no damage.
You puncture the necrophage!
Lightning courses through the necrophage!
You destroy the necrophage!
You have reached level 8!
You feel stronger.
Your demonic ancestry asserts itself...
The horns on your head grow some more.
Key pressed, stopping explore.
You see here a +0 dagger.
A gnoll comes into view. It is wielding a +0 spear.
A gnoll is nearby!
A gnoll comes into view. It is wielding a +0 flail.
The gnoll shouts! x2
The gnoll shaman shouts!
The gnoll shouts!
The gnoll hits you with a +0 spear.
You barely miss the gnoll. Your headbutt misses the gnoll.
The gnoll hits you but does no damage.
You puncture the gnoll! Lightning courses through the gnoll!
You kill the gnoll!
You hit the gnoll. Lightning courses through the gnoll!!
You kill the gnoll!
The gnoll barely misses you.
You closely miss the gnoll. The gnoll hits you but does no damage.
You puncture the gnoll!
The gnoll is heavily wounded.
The gnoll hits you with a +0 club.
You closely miss the gnoll.
The gnoll is heavily wounded.
You block the gnoll's attack. The gnoll shaman misses you.
You hit the gnoll.
You kill the gnoll!
The gnoll closely misses you.
You puncture the gnoll shaman!
Lightning courses through the gnoll shaman!
You kill the gnoll shaman!
The gnoll hits you from afar with a +0 spear!
Your life force feels restored.
You block the gnoll's attack.
Things that are here:
a +0 spear; a gnoll corpse You barely miss the gnoll.
You headbutt the gnoll.
The gnoll is lightly wounded.
The gnoll closely misses you.
You puncture the gnoll! Lightning courses through the gnoll!
You kill the gnoll!
Your Long Blades skill increases to level 9!
No target in view!
No target in view!
No target in view!
No target in view!
No target in view!
No target in view!
No target in view!
No target in view!
No target in view!
No target in view!
No target in view!
No target in view!
No target in view!
No target in view!
No target in view!
No target in view!
Key pressed, stopping explore.
Things that are here:
a +0 whip; a +0 robe; a +0 flail
Things that are here:
a +0 club; a gnoll corpse You see here a +0 short sword.
A scorpion comes into view.
A scorpion is nearby!
A scorpion is nearby!
You puncture the scorpion!
The scorpion is heavily wounded.
You block the scorpion's attack.
You closely miss the scorpion. Your headbutt misses the scorpion.
The scorpion is heavily wounded.
The scorpion barely misses you.
You hit the scorpion.
Lightning courses through the scorpion!!
You kill the scorpion!
No target in view!
No target in view!
No target in view!
No target in view!
Done exploring.
Done exploring.
Done exploring.
No target in view!
No target in view!
No target in view!
No target in view!
(D) Dungeon
Where to? (Enter - D:6, ? - help)
There is a stone staircase leading up here.
There is a stone staircase leading down here.
You climb downwards.
Found a stone staircase leading down.
There is a stone staircase leading up here.
You now have 208 gold pieces (gained 14).
Found a ring mail.
Found 19 arrows.
Found a ring mail.
r - 2 bubbling brown potions (gained 1) No target in view!
No target in view!
No target in view!
No target in view!
No target in view!
No target in view!
No target in view!
No target in view!
No target in view!
No target in view!
You now have 224 gold pieces (gained 16).
You open the door.
There is an open door here.
Found a whip and a short sword.
Maggie the Vainglorious comes into view.
She is wielding a +0 war axe.
Maggie shouts!
Maggie is nearby!
You barely miss Maggie. Maggie hits you with a +0 war axe!
You hit Maggie. You headbutt Maggie.
Maggie is lightly wounded.
Maggie hits you with a +0 war axe.
You closely miss Maggie. Your headbutt misses Maggie.
Maggie is lightly wounded.
Maggie barely misses you.
You hit Maggie but do no damage.
Maggie is lightly wounded.
Maggie barely misses you.
You barely miss Maggie.
Maggie is lightly wounded.
Maggie hits you with a +0 war axe!
You are too injured to fight recklessly!
You are too injured to fight recklessly!
You are too injured to fight recklessly!
You are too injured to fight recklessly!
You closely miss Maggie.
Maggie is lightly wounded.
Maggie hits you with a +0 war axe!
* * * LOW HITPOINT WARNING * * *
You hit Maggie.
Maggie is lightly wounded.
Maggie hits you with a +0 war axe.
* * * LOW HITPOINT WARNING * * *
You barely miss Maggie.
Maggie is lightly wounded.
Maggie hits you with a +0 war axe!
* * * LOW HITPOINT WARNING * * *
You barely miss Maggie.
Maggie is lightly wounded.
Maggie mumbles the words to a spell, but in the wrong order.
You block Maggie's attack.
Your +1 rapier of electrocution stops crackling.
Your +2 dagger of venom begins to drip with poison!
o - a +2 dagger of venom (weapon)
You hit Maggie.
Maggie is moderately wounded.
Maggie is engulfed in blazing flames.
Maggie hits you with a +0 war axe.
* * * LOW HITPOINT WARNING * * *
You hit Maggie.
Maggie is poisoned.
Maggie is heavily wounded.
Maggie is engulfed in blazing flames.
Maggie closely misses you.
You hit Maggie but do no damage.
Maggie looks as sick as possible!
You headbutt Maggie.
Maggie is heavily wounded.
Maggie is engulfed in blazing flames.
Maggie mumbles some strange words.
Maggie attempts to bespell you!
You are mesmerised by Maggie!
Your +2 dagger of venom stops dripping with poison.
You hear the crackle of electricity.
C - a +1 rapier of electrocution (weapon)
You hit Maggie.
Maggie is almost dead.
Maggie is engulfed in blazing flames.
Maggie hits you with a +0 war axe!
* * * LOW HITPOINT WARNING * * *
You puncture Maggie! Lightning courses through Maggie!!
You are no longer entranced.
You kill Maggie!
Key pressed, stopping explore.
Key pressed, stopping explore.
HP restored.
Things that are here:
a +0 war axe; +0 steam dragon scales A lemure comes into view.
The lemure shouts!
You hear a shout!
A bullfrog skeleton comes into view.
Menkaure, Prince of Dust comes into view.
You hit the lemure.
The lemure is lightly wounded.
The lemure hits you.
You hit the lemure but do no damage. Your headbutt misses the lemure.
The lemure is lightly wounded.
The lemure hits you.
You closely miss the lemure.
The lemure is lightly wounded.
The lemure hits you.
You hit the lemure.
The lemure is moderately wounded.
The lemure hits you.
Menkaure calls on the powers of darkness!
Your body is wracked with pain!
* * * LOW HITPOINT WARNING * * *
You hear a shout!
You puncture the lemure!
The lemure is heavily wounded.
The lemure hits you but does no damage.
You closely miss the lemure. Your headbutt misses the lemure.
The lemure is heavily wounded.
The lemure hits you.
* * * LOW HITPOINT WARNING * * *
You hit the lemure.
The lemure is severely wounded.
A lemure comes into view.
The lemure hits you!
* * * LOW HITPOINT WARNING * * *
You closely miss the lemure.
You headbutt the lemure, but do no damage.
The lemure is severely wounded.
The lemure hits you.
* * * LOW HITPOINT WARNING * * *
You hit the lemure.
The lemure is severely wounded.
Pikel the Slaver comes into view.
He is wielding a +2 whip of freezing and carrying a wand of acid (5).
Menkaure giggles, "These cerements are ticklish..."
You block the lemure's attack.
Pikel shouts!
You hit the lemure. You headbutt the lemure.
You kill the lemure!
That felt strangely unrewarding.
You hear a shout!
Pikel says, "You'll make a fine lemure."
You block the bullfrog skeleton's attack.
Menkaure mumbles some strange words.
Menkaure seems to speed up.
Things that are here:
a +0 war axe; +0 steam dragon scales You block the bullfrog skeleton's attack.
You puncture the bullfrog skeleton!
The bullfrog skeleton is moderately damaged.
You block the bullfrog skeleton's attack.
You hit the bullfrog skeleton.
The bullfrog skeleton is heavily damaged.
The bullfrog skeleton hits you but does no damage.
You hit the bullfrog skeleton. You headbutt the bullfrog skeleton.
The bullfrog skeleton is severely damaged.
The bullfrog skeleton hits you.
* * * LOW HITPOINT WARNING * * *
You puncture the bullfrog skeleton!
You destroy the bullfrog skeleton!
Menkaure gestures at you while chanting.
Pain shoots through your body!
You die...

#.#.##.. .#.
#.#.##K##.......#
#.#.##.##.......#
#....K..........#
#......#..))....#
#..5...#........#
###M##.#........#
#)##.#........#
#@##..........#
#.#####.......#
#.# #.......# #.#
#.......# #.#
#.......# #.#
#.......# #.#
#####'### #.# #.#
#.#


You could see Pikel, a lemure and Menkaure (fast).

Vanquished Creatures
  Maggie (D:6)
  Eustachio (D:5)
  An ogre (D:4)
  2 necrophages
  A lemure (D:6)
  A phantom (D:5)
  2 scorpions (D:5)
  A water moccasin skeleton (D:5)
  2 hounds
  A jelly (D:4)
  2 bullfrog skeletons
  A gnoll shaman (D:5)
  An orc priest (D:5)
  3 iguanas
  An orc wizard (D:5)
  A hound skeleton (D:4)
  9 gnolls
  6 adders
  An ufetubus (D:4)
  7 orcs
  6 endoplasms
  2 giant cockroaches (D:3)
  9 goblins
  13 hobgoblins
  2 quokkas
  5 ball pythons
  6 bats
  4 frilled lizards
  A jackal skeleton (D:4)
  2 kobolds
  2 rats (D:1)
97 creatures vanquished.

Vanquished Creatures (others)
  6 fungi (D:5)
6 creatures vanquished.

Grand Total: 103 creatures vanquished

Notes
Turn   | Place    | Note
-------+----------+-------------------------------------------
     0 | D:1      | sleeves the Demonspawn Fighter began the quest for the Orb.
     0 | D:1      | Reached XP level 1. HP: 18/18 MP: 1/1
    23 | D:1      | Reached skill level 2 in Long Blades
   327 | D:1      | Gained mutation: Your demonic aura sometimes causes spilled
                  | blood to erupt in flames. [demonic ancestry]
   327 | D:1      | Reached XP level 2. HP: 24/24 MP: 2/2
   759 | D:2      | Reached skill level 3 in Long Blades
  1153 | D:2      | Gained mutation: Your demonic aura often causes spilled
                  | blood to erupt in flames. [demonic ancestry]
  1153 | D:2      | Reached XP level 3. HP: 27/29 MP: 3/3
  1533 | D:3      | HP: 14/29 [hobgoblin (3)]
  1697 | D:3      | Found a faded altar of an unknown god.
  2178 | D:3      | Found a sparkling altar of Nemelex Xobeh.
  2179 | D:3      | Found a shimmering blue altar of Sif Muna.
  2235 | D:3      | Reached XP level 4. HP: 25/35 MP: 4/4
  2345 | D:3      | Found a shimmering altar of Xom.
  2349 | D:3      | Reached skill level 4 in Long Blades
  2354 | D:3      | Found a broken altar of Ashenzari.
  2990 | D:4      | Reached XP level 5. HP: 31/41 MP: 5/5
  3168 | D:4      | Found Uson's Book Boutique.
  3215 | D:4      | Noticed an ogre
  3224 | D:4      | Killed an ogre
  3225 | D:4      | Reached skill level 5 in Long Blades
  3226 | D:4      | HP: 19/41 [ufetubus (4)]
  3233 | D:4      | HP: 9/41 [ufetubus (3)]
  3518 | D:4      | Found a burning altar of Makhleb.
  3519 | D:4      | Noticed a necrophage
  3536 | D:4      | HP: 19/40 [necrophage (6)]
  3542 | D:4      | Killed a necrophage
  3543 | D:4      | Reached skill level 6 in Long Blades
  3543 | D:4      | Gained mutation: You regenerate a little health from kills.
                  | [demonic ancestry]
  3543 | D:4      | Reached XP level 6. HP: 22/47 MP: 6/6
  3545 | D:4      | HP: 21/47 [hound skeleton (2)]
  3730 | D:4      | Found a stormy altar of Qazlal.
  3910 | D:4      | Found a sacrificial altar of Ru.
  4090 | D:5      | Entered Level 5 of the Dungeon
  4371 | D:5      | Found a radiant altar of Vehumet.
  4382 | D:5      | Noticed Eustachio
  4390 | D:5      | Killed Eustachio
  4391 | D:5      | Reached skill level 7 in Long Blades
  4391 | D:5      | Gained mutation: You have a pair of small horns on your
                  | head. [demonic ancestry]
  4391 | D:5      | Reached XP level 7. HP: 51/52 MP: 7/7
  4619 | D:5      | HP: 25/52 [gnoll (3)]
  4894 | D:5      | Reached skill level 8 in Long Blades
  5043 | D:5      | HP: 25/52 [phantom (3)]
  5051 | D:5      | HP: 22/52 [phantom (4)]
  5056 | D:5      | HP: 12/52 [phantom (4)]
  5387 | D:5      | Gained mutation: You have a pair of horns on your head.
                  | [demonic ancestry]
  5387 | D:5      | Reached XP level 8. HP: 40/55 MP: 8/8
  5565 | D:5      | Reached skill level 9 in Long Blades
  5886 | D:6      | Noticed Maggie
  5893 | D:6      | HP: 24/58 [Maggie (10)]
  5898 | D:6      | HP: 10/58 [Maggie (6)]
  5902 | D:6      | HP: 3/58 [Maggie (7)]
  5903 | D:6      | Killed Maggie
  6199 | D:6      | Noticed Menkaure
  6203 | D:6      | HP: 23/58 [??? (21)]
  6207 | D:6      | HP: 10/58 [lemure[Pikel] (2)]
  6208 | D:6      | Noticed Pikel
  6217 | D:6      | HP: 10/58 [bullfrog skeleton (2)]
  6218 | D:6      | Killed from afar by Menkaure

Illustrated notes

Levels and vault maps discovered:
D:1:      lightli_arrival_chessboard, layout_loops_ring
D:2:      layout_loops_ring, minmay_pentomino_t2
D:3:      layout_loops_ring, mainiacjoe_overflow_concentric_impassable,
          mainiacjoe_overflow_alcove_1, mainiacjoe_overflow_alcove_3,
          serial_aquarium, aquarium_bridge_straight [aquarium_subvault_bridge,
          aquarium_subvault_wall, aquarium_subvault_bridge,
          aquarium_subvault_window], aquarium_window_corner, aquarium_window_1,
          aquarium_window_fake, aquarium_window_corridor_3, aquarium_view_2c,
          aquarium_pool_split, ebering_ecumenical_altar_abandoned, st_stairs_1,
          amcnicky_mini_rare_corridor_liquid, chequers_serial_rivers_micro_b
D:4:      layout_loops_ring, kennysheep_mini_moat, makhleb_blood_cavern_becter,
          lemuel_coloured_pillars_altar, serial_shops, nicolae_stop_n_shop_2,
          chequers_serial_rivers_room_a
D:5:      layout_loops_ring, mainiacjoe_overflow_boulevard, uniq_eustachio
D:6:      layout_basic, serial_bayou_pond_a, uniq_maggie, uniq_duvessa,
          uniq_pikel, uniq_menkaure

Skill      XL: |  1  2  3  4  5  6  7  8 |
---------------+-------------------------+-----
Long Blades    | 2 3 4 6 7 8 9 |  9.9
Fighting       | |  3.0
Armour         | |  2.6
Shields        | |  2.6

Action                   |  1- 3 |  4- 6 |  7- 9 || total
-------------------------+-------+-------+-------++-------
Melee: Long sword        |   119 |    31 |       ||   150
       Dagger            |       |   109 |     7 ||   116
       Rapier            |       |       |   107 ||   107
       Headbutt          |       |       |    20 ||    20
Armor: Scale mail        |    51 |    73 |    27 ||   151
Dodge: Dodged            |    52 |    76 |    34 ||   162
Block: Buckler           |    22 |    30 |    16 ||    68

Table legend: (Time is in decaauts)
 A = Elapsed time spent in this place.
 B = Non-inter-level travel time spent in this place.
 C = Inter-level travel time spent in this place.
 D = Time resting spent in this place.
 E = Time spent auto-exploring this place.
 F = Levels seen in this place.
 G = Mean time per level.
                   A        B        C        D        E       F      G
               +--------+--------+--------+--------+--------+-----+--------+
         Total |   6246 |   5909 |    337 |    429 |   4693 |   6 | 1041.0 |
       Dungeon |   6246 |   5909 |    337 |    429 |   4693 |   6 | 1041.0 |
               +--------+--------+--------+--------+--------+-----+--------+

Top non-repeatable levels by time:
     D:4: 1676 daAuts
     D:5: 1514 daAuts
     D:3: 1159 daAuts
     D:1: 770 daAuts
     D:2: 717 daAuts
     D:6: 407 daAuts
